 Dungeon Crawl Stone Soup version 0.30-a0-800-g7c544603b3 (webtiles) character file.

Game seed: 9469132042702723730

434 bmack86 the Chopper (level 6, -4/84 HPs)
             Began as a Minotaur Fighter on Feb 22, 2023.
             Slain by a mummy (9 damage)
             ... in an ossuary.
             The game lasted 00:08:37 (2891 turns).

bmack86 the Chopper (Minotaur Fighter)              Turns: 2891, Time: 00:08:38

Health: -4/84      AC:  8    Str: 23    XL:     6   Next: 67%
Magic:  5/5        EV: 10    Int:  5    God:
Gold:   179        SH:  4    Dex:  9    Spells: 5/5 levels left

rFire   . . .      SeeInvis .    a - +0 war axe
rCold   . . .      Faith    .    c - +0 buckler
rNeg    . . .      Spirit   .    m - +2 ring mail {rPois}
rPois   +          Reflect  .    (helmet restricted)
rElec   .          Harm     .    l - scarf {repulsion}
rCorr   .          Rampage  .    (no gloves)
Will    .....                    (no boots) Stlth
                                 (no amulet)
HPRegen 0.34/turn                (no ring)
MPRegen 0.09/turn                (no ring)

@: berserking, repel missiles, very quick
A: horns 2, retaliatory headbutt
a: no special abilities


You were in an ossuary.
You visited 1 branch of the dungeon, and saw 5 of its levels.
You also visited: Ossuary.

You collected 179 gold pieces.

Inventory:

Hand Weapons
 a - a +0 war axe (weapon)
 r - a +0 hand axe of electrocution
Missiles
 o - 3 boomerangs (quivered)
 q - 2 poisoned darts
Armour
 b - a +0 scale mail
 c - a +0 buckler (worn)
 l - a scarf of repulsion (worn)
 m - a +2 ring mail of poison resistance (worn)
 n - a scarf of resistance
 s - a +0 cloak
Wands
 d - a wand of acid (8)
Scrolls
 g - a scroll of immolation
 j - a scroll of identify
 k - a scroll of amnesia
 u - a scroll of teleportation
Potions
 e - a potion of mutation
 f - 2 potions of brilliance
 h - 2 potions of curing
 p - a potion of attraction
 t - a potion of lignification


   Skills:
 + Level 5.0 Fighting
 * Level 5.6 Axes
 + Level 1.8 Throwing
 + Level 5.0 Armour
 + Level 5.0 Shields


You had 5 spell levels left.
You didn't know any spells.
Your spell library contained the following spells:

 Spells                   Type           Power      Damage    Failure   Level
 Beastly Appendage        Tmut           0%         N/A       71%         1
 Wereblood                Tmut           0%         N/A       85%         2
 Spider Form              Tmut/Pois      0%         N/A       97%         3


Dungeon Overview and Level Annotations

Branches:
Dungeon (5/15)            Ossuary (1/1)
 Temple: D:4-7

Altars:
Dithmenos
Kikubaaqudgha


Innate Abilities, Weirdness & Mutations

You have a pair of horns on your head.
You reflexively headbutt those who attack you in melee.


Message History

The iguana bites you.
You slash the iguana!
You kill the iguana!
Found a stone staircase leading down.
Found an escape hatch in the floor.
You open the door.
Found a sand-covered staircase.
There is an open door here.
There is a sand-covered staircase here.
The world spins around you as you enter the gateway.
You enter an ossuary!
Found a gate leading back out of this place.
There is an empty arch of ancient stone here.
You hit the mummy but do no damage.
You hit the mummy. x2; The mummy hits you!
The mummy barely misses you. The mummy hits you.
You hit the mummy.
The mummy is lightly damaged.
You hit the mummy but do no damage. You completely miss the mummy.
The mummy hits you! The mummy barely misses you. The mummy hits you!
You hit the mummy.
You headbutt the mummy, but do no damage.
The mummy is moderately damaged.
You slash the mummy! You hit the mummy. The mummy hits you!
* * * LOW HITPOINT WARNING * * *
You block the mummy's attack.
A red film seems to cover your vision as you go berserk!
You feel yourself moving faster!
You feel mighty!
The centaur zombie hits you but does no damage.
The centaur zombie kicks you but does no damage.
You block the mummy's attack. The centaur zombie misses you.
You furiously retaliate!
You headbutt the centaur zombie! The centaur zombie closely misses you.
You slice the centaur zombie!!
You destroy the centaur zombie!
You hit the mummy. You slash the mummy! x2
You destroy the mummy!
The mummy hits you!
* * * LOW HITPOINT WARNING * * *
The mummy hits you!
You die...

#.....#
#....^#
#.....#
#..∩..#
#.....#
#..∩..#
#.....#
#.....#
#..@M.#
#..M..#
##...##
#####


You could see 2 mummies.

Vanquished Creatures
  A scorpion (D:3)
  A howler monkey (D:4)
  A hound (D:5)
  A centaur zombie (Ossuary)
  2 orc priests (D:5)
  5 iguanas
  An orc wizard (D:4)
  A mummy (Ossuary)
  2 adders
  2 worms (D:3)
  11 orcs
  4 ball pythons
  5 endoplasms
  2 giant cockroaches (D:1)
  A hobgoblin (D:4)
  2 jackals (D:1)
  9 kobolds
  3 quokkas
  7 bats
  2 frilled lizards (D:1)
  6 goblins
  2 rats (D:3)
71 creatures vanquished.

Notes
Turn   | Place    | Note
-------+----------+-------------------------------------------
     0 | D:1      | bmack86 the Minotaur Fighter began the quest for the Orb.
     0 | D:1      | Reached XP level 1. HP: 19/19 MP: 0/0
   154 | D:1      | Reached XP level 2. HP: 27/27 MP: 1/1
   777 | D:2      | Found a faded altar of an unknown god.
   821 | D:2      | Reached XP level 3. HP: 33/33 MP: 2/2
  1144 | D:3      | Noticed a scorpion
  1148 | D:3      | Killed a scorpion
  1149 | D:3      | Reached XP level 4. HP: 35/40 MP: 3/3
  1321 | D:3      | Found a shadowy altar of Dithmenos.
  2156 | D:4      | Reached XP level 5. HP: 20/47 MP: 4/4
  2159 | D:4      | Reached skill level 1 in Throwing
  2483 | D:4      | Found an ancient bone altar of Kikubaaqudgha.
  2659 | D:5      | Entered Level 5 of the Dungeon
  2674 | D:5      | Reached skill level 5 in Axes
  2674 | D:5      | Reached XP level 6. HP: 55/55 MP: 5/5
  2684 | D:5      | Reached skill level 5 in Fighting
  2839 | D:5      | Reached skill level 5 in Armour
  2839 | D:5      | Reached skill level 5 in Shields
  2878 | D:5      | Found a sand-covered staircase.
  2883 | Ossuary  | Entered an ossuary
  2891 | Ossuary  | Slain by a mummy

Illustrated notes

Levels and vault maps discovered:
D:1:      minmay_arrival_cross, layout_loops_ring
D:2:      layout_loops_ring, ebering_ecumenical_altar_box
D:3:      layout_basic, grunt_dithmenos_smoke
D:4:      layout_rooms, kennysheep_mini_moat
D:5:      layout_basic, enter_ossuary_2, serial_glass, glass_columns_a,
          glass_columns_c, glass_columns_c, glass_columns_b, glass_columns_a,
          glass_columns_a, uniq_eustachio
Ossuary:  ossuary_the_hunt_dpeg

Skill      XL: |  1  2  3  4  5  6 |
---------------+-------------------+-----
Axes           | 3 4 5 |  5.6
Fighting       | 4 5 |  5.0
Armour         | 4 5 |  5.0
Shields        | 4 5 |  5.0
Throwing       | 1 |  1.8

Action                     |  1- 3 |  4- 6 || total
---------------------------+-------+-------++-------
  Melee: War axe           |    46 |    88 ||   134
         Headbutt          |     3 |    18 ||    21
  Throw: Boomerang         |       |     2 ||     2
    Use: Scroll            |     5 |     7 ||    12
         Potion            |       |     3 ||     3
 Armour: Scale mail        |    34 |       ||    34
         Ring mail         |     1 |    54 ||    55
  Dodge: Dodged            |    29 |    53 ||    82
  Block: Buckler           |    12 |    20 ||    32

Table legend: (Time is in decaauts)
 A = Elapsed time spent in this place.
 B = Non-inter-level travel time spent in this place.
 C = Inter-level travel time spent in this place.
 D = Time resting spent in this place.
 E = Time spent auto-exploring this place.
 F = Levels seen in this place.
 G = Mean time per level.
                   A        B        C        D        E       F      G
               +--------+--------+--------+--------+--------+-----+--------+
         Total |   2935 |   2855 |     80 |     46 |   2042 |   6 |  489.2 |
       Dungeon |   2926 |   2846 |     80 |     46 |   2042 |   5 |  585.2 |
       Ossuary |      8 |      8 |      0 |      0 |      0 |   1 |    8.0 |
               +--------+--------+--------+--------+--------+-----+--------+

Top non-repeatable levels by time:
     D:3: 981 daAuts
     D:2: 585 daAuts
     D:1: 570 daAuts
     D:4: 561 daAuts
     D:5: 227 daAuts
 Ossuary: 8 daAuts
